 Dungeon Crawl Stone Soup version 0.18.1-50-g88ac8fd (webtiles) character file.

79289 grisgris the Unseen (level 15, -2/110 HPs)
             Began as a Vampire Enchanter on Oct 15, 2016.
             Was a High Priest of Ashenzari.
             Slain by a fire bat (5 damage)
             ... on level 1 of the Shoals.
             The game lasted 02:58:31 (32544 turns).

grisgris the Unseen (Vampire Enchanter)            Turns: 32544, Time: 02:58:32

Health: -2/110     AC:  0    Str: 10    XL:     15   Next: 20%
Magic:  23/29      EV: 32    Int: 20    God:    Ashenzari [*****.]
Gold:   853        SH:  0    Dex: 21    Spells: 9 memorised, 5 levels left

rFire  . . .     SeeInvis +     (weapon currently unavailable)
rCold  + . .     Gourm    .     (armour currently unavailable)
rNeg   + + .     Faith    .     (shield currently unavailable)
rPois  +         Spirit   .     (helmet currently unavailable)
rElec  .         Dismiss  .     (cloak currently unavailable)
rCorr  .         Reflect  .     (gloves currently unavailable)
SustAt .         Harm     .     (boots currently unavailable)
MR     +....     Clarity  +     (no amulet)
Stlth  ++++++++..               (ring currently unavailable)
                                (ring currently unavailable)

@: bat-form, flying, regenerating slowly, repel missiles, very quick, somewhat
resistant to hostile enchantments, extraordinarily stealthy
A: fangs 3, see invisible, (unbreathing)
a: End Transformation, Curse Item, Scrying, Transfer Knowledge, Renounce
Religion


You were on level 1 of the Shoals.
You worshipped Ashenzari.
Ashenzari was extremely pleased with you.
You were very thirsty.
You were in vampire-bat-form.
You visited 7 branches of the dungeon, and saw 27 of its levels.
You visited the Abyss 1 time.
You visited 1 bazaar.
You also visited: Labyrinth.

You collected 2555 gold pieces.
You spent 1702 gold pieces at shops.

Inventory:

Hand Weapons
 e - a cursed +5 dagger of freezing (melded)
Armour
 g - a cursed +3 buckler (melded)
 l - a +0 helmet (melded)
 n - a cursed +2 pair of boots (melded)
 o - a cursed +2 pair of gloves (melded)
 T - the +3 robe of Clouds (melded) {+Fly rElec}
   (You bought it in a shop in a bazaar)

   It insulates you from electricity.
   It lets you fly.
Jewellery
 j - a cursed +3 ring of evasion (melded)
 s - a cursed ring of resist corrosion
 V - a cursed +5 ring of dexterity (melded)
Wands
 i - a wand of enslavement (17/24)
 u - a wand of iceblast (8/15)
 C - a wand of iceblast (6/15)
 K - a wand of enslavement (6/24)
 L - a wand of flame (22/48)
 O - a wand of acid (11/15)
 P - a wand of flame (15/48)
 Q - a wand of teleportation (6/9)
 S - a wand of confusion (3/48)
 U - a wand of lightning (10/15)
 X - a wand of iceblast (11/15)
Scrolls
 y - 2 scrolls of blinking
 B - 4 scrolls of teleportation
 I - 5 scrolls of amnesia
 N - 2 scrolls of fog
 R - 3 scrolls of identify
Potions
 d - 3 potions of flight
 h - 2 potions of invisibility
 k - a potion of haste
 F - 2 potions of agility
 G - 3 potions of brilliance
 Z - 2 potions of curing
Books
 b - a book of Conjurations

   Spells                             Type                      Level
   a - Magic Dart                     Conjuration                  1
   b - Searing Ray                    Conjuration                  2
   c - Dazzling Spray                 Conjuration/Hexes            3
   d - Fulminant Prism                Conjuration/Hexes            4
   e - Iskenderun's Mystic Blast      Conjuration                  4
   f - Iskenderun's Battlesphere      Conjuration/Charms           5
 c - a book of Spatial Translocations

   Spells                             Type                      Level
   a - Apportation                    Translocation                1
   b - Blink                          Translocation                2
   c - Shroud of Golubria             Charms/Translocation         2
   d - Portal Projectile              Translocation                3
   e - Teleport Other                 Translocation                3
   f - Passage of Golubria            Translocation                4


   Skills:
 + Level 8.1 Fighting
 - Level 2.3(5.4) Short Blades
 + Level 10.6 Dodging
 * Level 15.7 Stealth
 - Level 3.3(5.7) Shields
 + Level 10.0 Spellcasting
 + Level 7.7(10.4) Conjurations
 + Level 13.7(16.0) Hexes
 + Level 9.5(12.0) Charms
 - Level 7.5(10.2) Ice Magic
 - Level 5.9(8.6) Air Magic


You had 5 spell levels left.
You knew the following spells:

 Your Spells              Type           Power        Failure   Level  Hunger
a - Ensorcelled Hibernat  Hex/Ice        ######       1%          2    None
b - Confuse               Hex            ######..     1%          3    None
c - Tukima's Dance        Hex            ######..     1%          3    None
d - Repel Missiles        Chrm/Air       ######       1%          2    None
e - Summon Guardian Gole  Hex/Summ       #####...     1%          3    None
f - Chain Lightning       Conj/Air       #####.....   100%        8    #######
g - Swiftness             Chrm/Air       ######..     1%          2    None
h - Iskenderun's Mystic   Conj           ######..     1%          4    ##.....
i - Blink                 Tloc           N/A          12%         2    None


Dungeon Overview and Level Annotations

Branches:
Dungeon (12/15)            Temple (1/1) D:6            Lair (8/8) D:8
 Shoals (1/4) Lair:4        Snake (2/4) Lair:3        Slime (0/6) Lair:7
    Orc (2/2) D:9             Elf (1/3) Orc:2

Altars:
Ashenzari
Cheibriados
Dithmenos
Elyvilon
Fedhas
Gozag
Kikubaaqudgha
Makhleb
Nemelex Xobeh
Okawaru
Pakellas
Qazlal
Ru
Sif Muna
Trog
Vehumet
Xom
Yredelemnul
Zin
The Shining One
Beogh
Jiyva

Shops:
D:5 [   D:11 =*[=   Orc:2 (!!?:

Annotations:
Lair:1 exclusion: ice statue
Snake:1 Aizul


Innate Abilities, Weirdness & Mutations

You heal slowly.
You have razor-sharp teeth.
You have supernaturally acute eyesight.
((You can survive without breathing.))


Message History

* * * LOW HITPOINT WARNING * * *
The merfolk burns you.
* * * LOW HITPOINT WARNING * * *
The merfolk barely misses you. The merfolk completely misses you.
The fire bat completely misses you. The merfolk barely misses you.
The fire bat closely misses you.
The merfolk hits you from afar with a trident of flaming.
* * * LOW HITPOINT WARNING * * *
The merfolk burns you.
* * * LOW HITPOINT WARNING * * *
The fire bat completely misses you. The fire bat completely misses you.
The fire bat completely misses you. The fire bat completely misses you.
The fire bat completely misses you. The fire bat barely misses you.
The fire bat completely misses you. The fire bat bites you.
You die...

...≈.....P..≈≈≈≈≈...≈≈≈≈≈≈≈
≈ ≈
##...###P..≈≈≈≈≈≈≈≈≈≈≈≈≈≈≈≈
≈ ≈ *
##≈#####.≈≈≈≈≈≈≈≈≈≈≈≈≈≈≈≈≈≈
≈* ###≈#
#...≈≈≈≈≈≈≈≈≈≈≈≈≈≈≈≈≈≈≈≈ *
#...###....≈≈≈≈≈≈≈≈≈≈≈≈≈≈≈≈≈
............≈≈≈≈≈≈≈≈≈≈≈≈≈≈≈
≈ *
..≈.......≈≈≈≈≈≈≈≈≈≈≈≈≈≈≈≈ ≈
≈≈...###..≈≈≈≈..≈≈≈≈≈≈≈≈≈≈≈
* ≈≈..##
##..≈....b≈≈≈≈≈≈≈≈≈≈≈ ≈...#
#.....##b..≈≈≈≈≈≈≈≈≈ ≈
≈≈..## ##....###..≈≈≈≈≈≈≈≈ ≈
≈≈≈..# ##..## ##.≈≈≈≈≈≈≈≈ ≈
* .≈≈≈.## #...####mm≈≈≈≈≈≈≈≈
≈ *
.≈≈≈≈.#####..≈...{.≈≈≈≈≈≈≈≈
≈≈ *
.≈≈≈≈≈.≈...≈≈≈≈≈≈m≈≈≈≈≈≈≈≈≈≈
≈
≈≈≈≈≈≈≈.....≈≈≈≈≈≈≈≈≈≈≈≈≈≈≈
≈ ≈
≈≈≈≈≈≈......≈≈≈≈≈≈≈≈≈≈≈≈≈≈≈
≈≈≈


You could see 2 merfolk and a fire bat.

Vanquished Creatures
  A deep elf sorcerer (Elf:1)
  Maud (Lair:8)
  Nessos (Lair:8)
  A minotaur (Lab)
  A fire dragon (Lair:8)
  A naga warrior (Snake:1)
  7 hydras
  An anaconda (Snake:1)
  13 death yaks
  2 ogre magi (Orc:2)
  A shock serpent (Snake:1)
  Urug (D:11)
  A deep elf knight (Elf:1)
  2 fire crabs
  A skeletal warrior (D:12)
  2 sea snakes
  4 hill giants
  An unseen horror (D:10)
  4 deep elf archers (Elf:1)
  2 deep trolls
  4 griffons
  12 deep elf magi (Elf:1)
  An orc sorcerer (Orc:2)
  3 elephants (Lair:4)
  2 cyclopes (Orc:2)
  6 black mambas
  Maurice (Orc:2)
  A centaur zombie (D:10)
  2 naga magi
  A torpor snail (Lair:6)
  8 spiny frogs
  A gargoyle (D:11)
  6 rime drakes
  11 komodo dragons
  A merfolk (Shoals:1)
  A polar bear (Lair:1)
  12 trolls
  6 two-headed ogres
  9 blink frogs
  2 redbacks (Lab)
  34 yaks
  A wyvern (Lair:2)
  2 shadows (D:11)
  6 basilisks
  9 hippogriffs
  A steam dragon (Lair:8)
  6 hungry ghosts
  2 mottled dragons
  8 nagas
  A warg (Orc:1)
  16 water moccasins
  8 porcupines
  3 swamp drakes (Lair:8)
  11 orc warriors
  9 ice beasts
  2 black bears
  A sky beast (D:8)
  2 necrophages
  2 phantoms
  22 wolves
  22 ogres
  6 centaurs
  6 crocodiles
  A big kobold (D:12)
  14 giant frogs
  Blork the orc (D:6)
  2 scorpions
  A water moccasin zombie (D:10)
  15 killer bees
  A howler monkey (D:6)
  6 wights
  3 electric eels
  8 crimson imps
  3 giant frog zombies
  13 orc priests
  2 jellies (D:10)
  9 hounds
  Crazy Yiuf (D:3)
  A giant frog skeleton (D:6)
  28 orc wizards
  7 iguanas
  A worker ant (D:9)
  3 killer bee zombies
  18 sheep
  A hound zombie (D:6)
  2 hound skeletons (D:6)
  A worker ant zombie (D:6)
  A howler monkey zombie (D:6)
  28 river rats
  4 adders
  A white imp (Lair:1)
  An ooze (D:1)
  An adder zombie (D:6)
  4 adder skeletons
  A worm (D:4)
  5 giant geckos
  55 orcs
  6 bats
  3 giant cockroaches
  10 goblins
  8 hobgoblins
  8 jackals
  2 quokkas
  A giant cockroach zombie (D:6)
  A giant gecko zombie (D:6)
  5 giant newts
  A jackal skeleton (D:6)
  12 kobolds
  7 rats
625 creatures vanquished.

Vanquished Creatures (collateral kills)
  An ogre (D:6)
  A wight (D:8)
2 creatures vanquished.

Vanquished Creatures (others)
  A deep elf mage (Elf:1)
  A wyvern (D:7)
  A bush (Lair:3)
  6 fungi
  11 plants
20 creatures vanquished.

Grand Total: 647 creatures vanquished

Notes
Turn   | Place    | Note
--------------------------------------------------------------
     0 | D:1      | grisgris the Vampire Enchanter began the quest for the Orb.
     0 | D:1      | Reached XP level 1. HP: 13/13 MP: 3/3
   586 | D:1      | Reached XP level 2. HP: 13/19 MP: 5/5
   605 | D:1      | Learned a level 2 spell: Ensorcelled Hibernation
   820 | D:1      | Reached skill level 5 in Stealth
  1139 | D:2      | Found a snail-covered altar of Cheibriados.
  1158 | D:2      | Reached XP level 3. HP: 25/25 MP: 2/6
  1215 | D:2      | Found a burning altar of Makhleb.
  1841 | D:2      | Reached skill level 5 in Hexes
  2022 | D:3      | Found an opulent altar of Gozag.
  2039 | D:3      | Learned a level 3 spell: Confuse
  2057 | D:3      | Found a shattered altar of Ashenzari.
  2074 | D:3      | Reached XP level 4. HP: 31/31 MP: 0/7
  2190 | D:3      | Became a worshipper of Ashenzari the Shackled
  2695 | D:3      | Noticed Crazy Yiuf
  2701 | D:3      | Killed Crazy Yiuf
  2701 | D:3      | Reached XP level 5. HP: 36/36 MP: 8/8
  3076 | D:4      | Reached skill level 6 in Stealth
  3076 | D:4      | Reached skill level 1 in Ice Magic
  3187 | D:4      | Reached skill level 1 in Fighting
  3580 | D:4      | Reached XP level 6. HP: 43/43 MP: 6/9
  3718 | D:4      | Identified the +4 short sword of Terra Cotta {venom, Int+4}
  3966 | D:5      | Entered Level 5 of the Dungeon
  4087 | D:5      | Learned a level 3 spell: Tukima's Dance
  4332 | D:5      | Reached skill level 7 in Stealth
  4456 | D:5      | Found Nolewomu's Armour Shop.
  4832 | D:6      | Reached XP level 7. HP: 30/48 MP: 7/11
  4867 | D:6      | Learned a level 2 spell: Repel Missiles
  4959 | D:6      | You fall through a shaft!
  5277 | D:7      | Reached * piety under Ashenzari
  5469 | D:6      | Reached skill level 1 in Air Magic
  5865 | D:6      | Reached skill level 8 in Stealth
  5949 | D:6      | Reached skill level 1 in Charms
  5949 | D:6      | Reached XP level 8. HP: 56/56 MP: 8/13
  5965 | D:6      | Noticed Blork the orc
  5988 | D:6      | Killed Blork the orc
  6510 | D:6      | Found a staircase to the Ecumenical Temple.
  6519 | Temple   | Entered the Ecumenical Temple
  6807 | D:8      | Found a staircase to the Lair.
  6999 | D:8      | Reached skill level 9 in Stealth
  7080 | D:8      | Reached XP level 9. HP: 44/62 MP: 0/14
  7531 | D:8      | Reached skill level 5 in Dodging
  7534 | D:8      | Reached skill level 10 in Stealth
  7849 | D:8      | Identified a scroll of acquirement
  7849 | D:8      | Identified the cursed ring "Qimuh" {+Fly MR+ Slay+3} (You acquired it on level 8 of the Dungeon)
  8341 | Lair:1   | Entered Level 1 of the Lair of Beasts
  8428 | Lair:1   | Noticed a spiny frog
  8433 | Lair:1   | Killed a spiny frog
  8532 | Lair:1   | Noticed an ice devil
  8536 | Lair:1   | Noticed an ice statue
  8539 | Lair:1   | Noticed a polar bear
  8548 | Lair:1   | Killed a polar bear
  8563 | Lair:1   | Reached skill level 5 in Short Blades
  8563 | Lair:1   | Reached skill level 1 in Shields
  8805 | Lair:1   | Reached XP level 10. HP: 49/71 MP: 6/16
  9017 | Lair:1   | Reached skill level 11 in Stealth
  9165 | Lair:1   | Reached ** piety under Ashenzari
  9217 | Lair:1   | Reached skill level 5 in Ice Magic
 10280 | Lair:2   | Reached skill level 12 in Stealth
 10280 | Lair:2   | Reached skill level 5 in Spellcasting
 10587 | Lair:2   | Noticed a four-headed hydra
 10594 | Lair:2   | Killed a four-headed hydra
 10594 | Lair:2   | Reached XP level 11. HP: 78/78 MP: 14/18
 10852 | Lair:2   | Reached skill level 10 in Hexes
 11154 | Lair:3   | Found a staircase to the Snake Pit.
 11167 | Snake:1  | Entered Level 1 of the Snake Pit
 11167 | Snake:1  | Noticed a sea snake
 11443 | D:9      | Found a staircase to the Orcish Mines.
 11457 | D:9      | Learned a level 3 spell: Summon Guardian Golem
 11517 | D:9      | Found a sacrificial altar of Ru.
 11690 | D:9      | Reached skill level 1 in Armour
 11825 | D:9      | Reached *** piety under Ashenzari
 12276 | Lair:1   | Reached skill level 5 in Charms
 12397 | Lair:1   | Reached skill level 13 in Stealth
 12407 | Lair:1   | Learned a level 8 spell: Chain Lightning
 12612 | Lair:1   | Reached skill level 5 in Fighting
 13417 | Lair:3   | Reached skill level 5 in Air Magic
 13613 | Lair:3   | Killed a sea snake
 13791 | Lair:3   | Noticed a seven-headed hydra
 13797 | Lair:3   | Killed a seven-headed hydra
 13797 | Lair:3   | Reached XP level 12. HP: 86/86 MP: 15/20
 13935 | Snake:1  | Noticed a naga warrior
 13951 | Snake:1  | Killed a naga warrior
 14036 | Snake:1  | Noticed a naga warrior
 14054 | Snake:1  | Noticed an anaconda
 14063 | Snake:1  | Killed an anaconda
 14125 | Snake:1  | Reached **** piety under Ashenzari
 14162 | Snake:1  | Reached skill level 14 in Stealth
 14499 | Snake:1  | Noticed a naga warrior
 15096 | Snake:2  | Noticed a naga warrior
 15270 | Snake:1  | Noticed Aizul
 15799 | Lair:4   | Found a staircase to the Shoals.
 15813 | Lair:4   | Learned a level 2 spell: Swiftness
 16069 | D:10     | Entered Level 10 of the Dungeon
 16382 | D:10     | Reached ***** piety under Ashenzari
 17246 | D:11     | Found Xethaj's Jewellery Shoppe.
 17247 | D:11     | Noticed Urug
 17255 | D:11     | Killed Urug
 17260 | D:11     | Found a flickering gateway to a bazaar.
 17269 | Bazaar   | Entered a bazaar
 17269 | Bazaar   | Found Jiajim's Antique Weapon Emporium.
 17269 | Bazaar   | Found Okaidd's Food Shop.
 17269 | Bazaar   | Found Olaekk's Weapon Shoppe.
 17269 | Bazaar   | Found Bots's Gadget Shop.
 17271 | Bazaar   | Found Sucij's Antique Armour Shoppe.
 17320 | Bazaar   | Bought a glowing cloak for 85 gold pieces
 17320 | Bazaar   | Bought the +3 robe of Clouds {+Fly rElec} for 604 gold pieces
 17340 | Bazaar   | Bought a wand of teleportation (1/9) for 210 gold pieces
 17350 | Bazaar   | Bought a smoking rapier for 198 gold pieces
 17350 | Bazaar   | Identified the +7 rapier of Instant Death {drain, SInv} (You bought it in a shop in a bazaar)
 17655 | Lair:4   | Reached XP level 13. HP: 93/93 MP: 16/23
 17829 | Lair:4   | Reached skill level 1 in Conjurations
 18785 | Lair:6   | Found a labyrinth entrance.
 18805 | Lab      | Entered a labyrinth
 19201 | Lab      | Reduced skill Stealth to level 13
 19419 | Lab      | Noticed a minotaur
 19420 | Lab      | Killed a minotaur
 19420 | Lab      | Reduced skill Stealth to level 12
 20079 | Lair:5   | Reduced skill Stealth to level 11
 20079 | Lair:5   | Reached skill level 5 in Conjurations
 20379 | Lair:6   | Reduced skill Armour to level 1
 21062 | Shoals:1 | Entered Level 1 of the Shoals
 21194 | Shoals:1 | HP: 2/94 [griffon (8)]
 22030 | D:11     | Reached skill level 12 in Stealth
 22038 | D:11     | Found Conkisut's Armour Emporium.
 22048 | D:11     | Found Myennolu's Assorted Antiques.
 22209 | D:11     | Bought a potion of heal wounds for 155 gold pieces
 22403 | D:11     | Found Hinnaema's Jewellery Shoppe.
 23253 | Orc:1    | Entered Level 1 of the Orcish Mines
 23691 | Orc:1    | Reduced skill Short Blades to level 5
 23773 | Orc:2    | Entered Level 2 of the Orcish Mines
 23773 | Orc:2    | Found Titt's Book Shoppe.
 23801 | Orc:2    | Bought a book of Conjurations for 450 gold pieces
 23806 | Orc:2    | Learned a level 4 spell: Iskenderun's Mystic Blast
 23850 | Orc:2    | Found Vuguc's Distillery.
 24145 | Orc:2    | Reached skill level 13 in Stealth
 24356 | Orc:2    | Found a roughly hewn altar of Beogh.
 24472 | Orc:2    | Found a staircase to the Elven Halls.
 24476 | Orc:2    | Noticed Maurice
 24572 | Orc:2    | Killed Maurice
 24645 | Orc:2    | Found Leajeli's Antique Weapon Emporium.
 24650 | Orc:2    | Found Ekkiphox's Magic Scroll Boutique.
 24659 | Orc:2    | Found Xejoy's Distillery.
 24699 | Orc:1    | HP: 3/96 [deep troll (12)]
 24767 | Orc:1    | Reached XP level 14. HP: 39/103 MP: 23/27
 25826 | Elf:1    | Entered Level 1 of the Elven Halls
 25828 | Elf:1    | Noticed a deep elf sorcerer
 26409 | Elf:1    | Cast into level 2 of the Abyss (a deep elf sorcerer)
 26561 | Elf:1    | Escaped the Abyss
 26570 | Elf:1    | Killed a deep elf sorcerer
 26573 | Elf:1    | Reached skill level 14 in Stealth
 27982 | Lair:7   | Found a viscous altar of Jiyva.
 27982 | Lair:7   | Found a staircase to the Slime Pits.
 28021 | Lair:7   | Reached skill level 10 in Dodging
 28782 | Lair:6   | Reached skill level 15 in Stealth
 28820 | Lair:6   | HP: 5/104 [death yak (24)]
 31064 | Lair:8   | Entered Level 8 of the Lair of Beasts
 31071 | Lair:8   | Noticed Maud
 31333 | Lair:8   | Killed Maud
 31333 | Lair:8   | Reached XP level 15. HP: 83/110 MP: 20/28
 31522 | Lair:8   | Noticed Nessos
 31549 | Lair:8   | Killed Nessos
 31963 | Lair:8   | Reached skill level 10 in Spellcasting
 32390 | Lair:1   | Learned a level 2 spell: Blink
 32534 | Shoals:1 | HP: 4/110 [merfolk/trident of flaming (4)]
 32544 | Shoals:1 | Slain by a fire bat

Skill      XL: |  1  2  3  4  5  6  7  8  9 10 11 12 13 14 15 |
---------------+----------------------------------------------+-----
Stealth        | 5 6 7 8 9 10 12 13 14 13 15 | 15.7
Hexes          | 5 6 7 8 9 10 11 12 13 | 13.7
Dodging        | 3 4 5 6 7 8 9 10 | 10.6
Short Blades   | 2 3 4 5 6 2 |  2.3
Ice Magic      | 1 2 3 4 5 6 7 |  7.5
Fighting       | 1 2 3 4 5 7 8 |  8.1
Spellcasting   | 3 4 5 6 9 10 | 10.0
Air Magic      | 1 2 3 4 5 |  5.9
Charms         | 1 2 3 4 5 6 8 9 |  9.5
Shields        | 1 2 3 |  3.3
Armour         | 2 3 0 |  0.0
Conjurations   | 6 7 |  7.7

Action                   |  1- 3 |  4- 6 |  7- 9 | 10-12 | 13-15 || total
-------------------------+-------+-------+-------+-------+-------++-------
Melee: Dagger            |    58 |    65 |   278 |   471 |   545 ||  1417
       Bite              |     1 |     3 |    39 |    41 |    62 ||   146
       Unarmed           |       |       |       |       |     1 ||     1
 Cast: Corona            |     6 |       |       |       |       ||     6
       Ensorcelled Hiber |    17 |    28 |    36 |   187 |   259 ||   527
       Confuse           |       |     3 |    59 |    60 |   146 ||   268
       Tukima's Dance    |       |     1 |     4 |     1 |       ||     6
       Summon Guardian G |       |       |       |       |     3 ||     3
       Iskenderun's Myst |       |       |       |       |     2 ||     2
       Repel Missiles    |       |       |       |       |     2 ||     2
       Swiftness         |       |       |       |       |     1 ||     1
Invok: Curse Item        |       |     3 |     1 |     2 |     1 ||     7
       Scrying           |       |       |       |     2 |     2 ||     4
       Transfer Knowledg |       |       |       |       |     3 ||     3
 Abil: Bat Form          |       |       |       |     6 |    12 ||    18
       End Transformatio |       |       |       |     6 |    11 ||    17
Evoke: Wand              |       |       |     4 |     9 |    32 ||    45
  Use: Potion            |     9 |     2 |       |     7 |    16 ||    34
       Scroll            |     8 |     7 |    13 |    17 |    21 ||    66
 Stab: Sleeping          |    27 |    28 |    31 |   156 |   212 ||   454
       Confused          |       |     2 |    29 |    31 |    53 ||   115
       Distracted        |       |       |       |     4 |       ||     4
  Eat: Corpse            |       |       |       |       |     1 ||     1
Armor: Robe              |     3 |     8 |    49 |    12 |    90 ||   162
       Swamp dragon armo |       |       |       |    53 |       ||    53
Dodge: Dodged            |    23 |    35 |   150 |   288 |   534 ||  1030
       Deflected         |       |       |       |       |     4 ||     4
Block: Buckler           |       |       |     5 |    91 |   196 ||   292
